 Dungeon Sprint DCSS version 0.24.0-35-gdb84b6a5db (webtiles) character file.

Game seed: 8808285091918812855, levelgen mode: deterministic

8700000 Groucho the Intangible (level 27, -9/172 (174) HPs)
             Began as a Spriggan Abyssal Knight on Nov 20, 2019.
             Was the Champion of Makhleb.
             Killed by divine providence
             ... invoked by an accursed
              (14 damage)
             ... in the Dungeon (Sprint VIII: "Arena of Blood").
             The game lasted 00:04:47 (87 turns).

Groucho the Intangible (Spriggan Abyssal Knight)      Turns: 87, Time: 00:04:47

HP:   -9/172 (174)  AC:  4    Str:  8    XL:     27
MP:   32/55         EV: 45    Int: 13    God:    Makhleb [******]
Gold: 0             SH:  0    Dex: 29    Spells: 80/80 levels left

rFire    . . .     SeeInvis +   j - +∞ Axe of Woe
rCold    . . .     Gourm    .   (shield currently unavailable)
rNeg     . . .     Faith    .   b - +0 robe
rPois    .         Spirit   .   (helmet restricted)
rElec    .         Reflect  .   (no cloak)
rCorr    .         Harm     .   (gloves unavailable)
MR       ++++.     NoTele   +   (boots unavailable)
Stlth    +++++++++.             (no amulet)
HPRegen  0.38/turn              (no ring)
MPRegen  0.34/turn              (no ring)

@: very quick
A: very small, unfitting armour, see invisible, herbivore, speed 3, slow
metabolism 2
a: Minor Destruction, Lesser Servant of Makhleb, Major Destruction, Greater
Servant of Makhleb, Renounce Religion


You were in the Dungeon.
You worshipped Makhleb.
Makhleb was exalted by your worship.
You were not hungry.

You visited 1 branch

Inventory:

Hand Weapons
 a - a +1 hand axe
 j - the +∞ Axe of Woe (weapon)
   (You found it in the Dungeon)
Armour
 b - a +0 robe (worn)
Jewellery
 k - a +200 ring of slaying
Scrolls
 i - a scroll of blinking
Potions
 d - a potion of curing
 e - a potion of heal wounds
 f - a potion of haste
 g - 2 potions of magic
 h - a potion of berserk rage
Comestibles
 c - a ration


   Skills:
 O Level 27 Fighting
 O Level 27 Axes
 O Level 27 Throwing
 O Level 27 Armour
 O Level 27 Dodging
 O Level 27 Stealth
 O Level 27 Unarmed Combat
 O Level 27 Spellcasting
 O Level 27 Invocations


You had 80 spell levels left.
You didn't know any spells.
Your spell library was empty.

Dungeon Overview and Level Annotations

Branches:
Dungeon (1/1)

Altars:
Makhleb


Innate Abilities, Weirdness & Mutations

You are very small and have problems with some larger weapons.
You are too small for most types of armour.
You have supernaturally acute eyesight. (SInv)
You are a herbivore.
You cover ground extremely quickly.
You need to consume almost no food.


Message History

The eight-headed meat hydra calls on the powers of darkness!
The eight-headed meat hydra convulses!
The bag of meat convulses! x2
The meat berserker convulses!
The eight-headed meat hydra convulses!
Your body is wracked with pain!
* * * LOW HITPOINT WARNING * * *
The meat berserker convulses!
The eight-headed meat hydra convulses!
The bag of meat convulses! x2; The large bag of meat convulses!
The bag of meat convulses! x2; The meat berserker convulses!
You hear a shout!
The meat beast bites you but does no damage.
The meat beast tramples you!
* * * LOW HITPOINT WARNING * * *
You stumble backwards!
You hear a shout!
The accursed casts a spell at you. Something smites you!
* * * LOW HITPOINT WARNING * * *
The accursed casts a spell at you. Something smites you!
You die...

.. ..o.. #. ...#
#.. .M.# . .###..
...###..
O...o.###......O
.§.V.._D.Wo....
#.O))°# #_O2WD#
#.§)@o#
....o§_§D).M....
OO....###OLoW.M.o
V###.W .o.###..V
#.O ...# .. #O
...o# .W ...z.
....oOO


You could see 3 accurseds, a meat beast, a tyrant, 3 eight-headed meat hydras, a
destroyer, a sculptor of flesh, 2 large bags of meat, 2 wretched souls, a dread,
4 meat berserkers and 7 bags of meat.

Vanquished Creatures
  5 hell beasts (D)
  3 greater mummies (D)
  A wraith (D)
  11 vampire knights (D)
  28 ogres (D)
  4 two-headed ogres (D)
  A lich (D)
  2 hydras (D)
  29 orcs (D)
  A phantom (D)
  2 skeletal warriors (D)
  4 large abominations (D)
  3 small abominations (D)
  8 crawling corpses (D)
102 creatures vanquished.

Notes
Turn   | Place    | Note
-------+----------+-------------------------------------------
     0 | D        | Found the +∞ Axe of Woe
     0 | D        | Groucho the Spriggan Abyssal Knight began the quest for the
                  | Orb.
     0 | D        | Reached XP level 1. HP: 11/11 MP: 3/3
     1 | D        | Noticed a bag of meat
     2 | D        | Noticed a meat berserker
     2 | D        | Noticed a bag of meat
     2 | D        | Noticed a bag of meat
     4 | D        | Fell from the grace of Lugonu
     4 | D        | Became a worshipper of Makhleb the Destroyer
     5 | D        | Killed a meat berserker
     5 | D        | Reached skill level 27 in Dodging
     5 | D        | Reached XP level 2. HP: 16/16 MP: 4/4
     5 | D        | Reached XP level 3. HP: 19/19 MP: 5/5
     5 | D        | Reached XP level 4. HP: 23/23 MP: 6/6
     5 | D        | Reached XP level 5. HP: 27/27 MP: 7/7
     5 | D        | Reached XP level 6. HP: 32/32 MP: 8/8
     5 | D        | Reached XP level 7. HP: 35/35 MP: 9/9
     5 | D        | Reached XP level 8. HP: 39/39 MP: 10/10
     5 | D        | Reached XP level 9. HP: 43/43 MP: 11/11
     5 | D        | Reached XP level 10. HP: 47/47 MP: 12/12
     5 | D        | Reached XP level 11. HP: 51/51 MP: 13/13
     5 | D        | Reached XP level 12. HP: 56/56 MP: 14/14
     5 | D        | Reached XP level 13. HP: 59/59 MP: 15/15
     7 | D        | Killed a bag of meat
     7 | D        | Reached * piety under Makhleb
     9 | D        | Killed a bag of meat
     9 | D        | Reached XP level 14. HP: 63/63 MP: 16/16
    10 | D        | Killed a bag of meat
    10 | D        | Reached skill level 27 in Axes
    12 | D        | Noticed a bag of meat
    12 | D        | Noticed a bag of meat
    18 | D        | Noticed a meat berserker
    19 | D        | Killed a bag of meat
    19 | D        | Reached ** piety under Makhleb
    19 | D        | Reached skill level 10 in Fighting
    19 | D        | Reached skill level 10 in Invocations
    19 | D        | Reached XP level 15. HP: 80/80 MP: 16/24
    19 | D        | Noticed a meat berserker
    21 | D        | Noticed a meat berserker
    23 | D        | Noticed a destroyer
    23 | D        | Killed a meat berserker
    23 | D        | Reached XP level 16. HP: 98/98 MP: 16/30
    23 | D        | Noticed a destroyer
    24 | D        | Killed a meat berserker
    24 | D        | Reached *** piety under Makhleb
    26 | D        | Killed a meat berserker
    26 | D        | Reached XP level 17. HP: 113/113 MP: 17/34
    27 | D        | Noticed a large bag of meat
    28 | D        | Killed a destroyer
    28 | D        | Reached skill level 27 in Invocations
    28 | D        | Reached XP level 18. HP: 126/126 MP: 17/36
    28 | D        | Noticed an eight-headed meat hydra
    29 | D        | Reached **** piety under Makhleb
    29 | D        | Reached skill level 27 in Fighting
    29 | D        | Reached skill level 10 in Spellcasting
    29 | D        | Noticed a meat berserker
    30 | D        | Killed a destroyer
    30 | D        | Noticed a destroyer
    31 | D        | Reached XP level 19. HP: 132/132 MP: 18/47
    32 | D        | Noticed a destroyer
    33 | D        | Reached ***** piety under Makhleb
    35 | D        | Killed a large bag of meat
    35 | D        | Killed a meat berserker
    35 | D        | Reached skill level 27 in Spellcasting
    36 | D        | Killed a destroyer
    36 | D        | Reached XP level 20. HP: 121/137 MP: 19/52
    36 | D        | Noticed a destroyer
    37 | D        | Reached skill level 27 in Armour
    37 | D        | Noticed a destroyer
    38 | D        | Killed a destroyer
    40 | D        | Killed a destroyer
    40 | D        | Reached ****** piety under Makhleb
    40 | D        | Reached XP level 21. HP: 142/142 MP: 20/53
    42 | D        | Killed a destroyer
    42 | D        | Reached skill level 27 in Unarmed Combat
    45 | D        | Noticed a large bag of meat
    45 | D        | Noticed a destroyer
    46 | D        | Noticed a large bag of meat
    47 | D        | Noticed an accursed
    48 | D        | Reached XP level 22. HP: 148/148 MP: 22/54
    49 | D        | Reached skill level 27 in Throwing
    50 | D        | Reached skill level 27 in Stealth
    50 | D        | Noticed a destroyer
    53 | D        | Killed a large bag of meat
    54 | D        | Reached XP level 23. HP: 153/153 MP: 24/55
    56 | D        | Killed an accursed
    60 | D        | Reached XP level 24. HP: 156/156 MP: 25/55
    61 | D        | Noticed an accursed
    62 | D        | Noticed a meat beast
    64 | D        | Killed a large bag of meat
    64 | D        | Reached XP level 25. HP: 161/161 MP: 26/55
    64 | D        | Killed a meat beast
    65 | D        | Noticed an accursed
    66 | D        | Noticed a destroyer
    67 | D        | Noticed a large bag of meat
    67 | D        | Reached XP level 26. HP: 167/167 MP: 27/55
    69 | D        | Killed a destroyer
    69 | D        | Reached XP level 27. HP: 172/172 MP: 27/55
    69 | D        | Killed a destroyer
    71 | D        | Noticed a meat beast
    71 | D        | Noticed a meat beast
    72 | D        | Noticed a destroyer
    72 | D        | Noticed a dread
    73 | D        | Killed a destroyer
    73 | D        | Noticed a dread
    74 | D        | Killed a meat beast
    76 | D        | Killed a meat beast
    76 | D        | Noticed a destroyer
    76 | D        | Noticed a tyrant
    77 | D        | Killed a destroyer
    78 | D        | Noticed a meat beast
    78 | D        | Noticed a destroyer
    79 | D        | Noticed a large bag of meat
    80 | D        | Noticed an accursed
    80 | D        | Noticed a tyrant
    81 | D        | Killed a dread
    81 | D        | Noticed a meat beast
    82 | D        | Killed an accursed
    82 | D        | Killed an accursed
    82 | D        | Noticed an accursed
    83 | D        | Killed a meat beast
    83 | D        | Killed a destroyer
    83 | D        | Noticed a meat beast
    85 | D        | Noticed a destroyer
    85 | D        | Noticed a large bag of meat
    85 | D        | Noticed an accursed
    86 | D        | Noticed a meat beast
    86 | D        | Killed a large bag of meat
    86 | D        | Killed a meat beast
    86 | D        | Killed a tyrant
    86 | D        | Noticed a dread
    87 | D        | HP: 5/172 [accursed/divine providence (13)]
    87 | D        | Killed from afar by an accursed

Levels and vault maps discovered:
D:        meatsprint

Skill      XL: |  1  2  3  4  5  6  7  8  9 10 11 12 13 14 15 16 17 18 19 20 21 22 |
---------------+-------------------------------------------------------------------+-----
Axes           | 20 25 27 | 27.0
Dodging        | 27 | 27.0
Fighting       | 10 17 22 26 27 | 27.0
Armour         | 3 16 25 27 | 27.0
Invocations    | 10 19 25 27 | 27.0
Spellcasting   | 23 27 | 27.0
Unarmed Combat | 25 27 | 27.0
Throwing       | 26 27 | 27.0
Stealth        | 27 | 27.0

Action                   |  1- 3 |  4- 6 |  7- 9 | 10-12 | 13-15 | 16-18 | 19-21 | 22-24 | 25-27 || total
-------------------------+-------+-------+-------+-------+-------+-------+-------+-------+-------++-------
Melee: Broad axe         |     1 |       |       |       |     6 |     6 |    10 |    10 |    20 ||    53
Armor: Robe              |       |       |       |       |       |       |       |       |     1 ||     1
Dodge: Dodged            |     1 |       |       |       |       |       |     1 |     1 |     1 ||     4
